 Dungeon Crawl Stone Soup version 0.22-a0-369-gc73351f (webtiles) character file.

3 zero the Sneak (level 1, -1/9 HPs)
             Began as a Spriggan Enchanter on Apr 24, 2018.
             Slain by a hobgoblin (4 damage)
             ... on level 1 of the Dungeon.
             The game lasted 00:00:37 (75 turns).

zero the Sneak (Spriggan Enchanter)                   Turns: 75, Time: 00:00:38

Health: -1/9       AC:  2    Str:  4    XL:     1   Next: 41%
Magic:  4/5        EV: 18    Int: 16    God:
Gold:   0          SH:  0    Dex: 16    Spells: 4/5 levels left

rFire    . . .     SeeInvis +   a - +1 dagger
rCold    . . .     Gourm    .   (shield restricted)
rNeg     . . .     Faith    .   b - +0 robe
rPois    .         Spirit   .   (helmet restricted)
rElec    .         Reflect  .   (no cloak)
rCorr    .         Harm     .   (gloves unavailable)
MR       .....                  (boots unavailable)
Stlth    +++.......             (no amulet)
HPRegen  0.03/turn              (no ring)
MPRegen  0.09/turn              (no ring)

@: very quick
A: very small, unfitting armour, see invisible, herbivore, speed 3, slow
metabolism 2
a: no special abilities


You were on level 1 of the Dungeon.
You were not hungry.

You visited 1 branch of the dungeon, and saw 1 of its levels.

Inventory:

Hand Weapons
 a - a +1 dagger (weapon)
Armour
 b - a +0 robe (worn)
Potions
 c - a potion of might {unknown}
Comestibles
 d - a ration


   Skills:
 - Level 1.1 Short Blades
 - Level 3.0 Dodging
 + Level 4.8 Stealth
 - Level 2.6 Spellcasting
 - Level 3.6 Hexes


You had 4 spell levels left.
You knew the following spells:

 Your Spells              Type           Power        Failure   Level  Hunger
a - Corona                Hex            ##.....      4%          1    #......


Dungeon Overview and Level Annotations

Branches:
Dungeon (1/15)

Altars:


Innate Abilities, Weirdness & Mutations

You are very small and have problems with some larger weapons.
You are too small for most types of armour.
You have supernaturally acute eyesight. (SInv)
You are a herbivore.
You cover ground extremely quickly.
You need to consume almost no food.


Message History

You hit the rat but do no damage. The bat closely misses you.
The bat hits you but does no damage. The rat closely misses you.
You barely miss the rat. The bat misses you. The rat completely misses you.
You closely miss the rat. The bat hits you. The rat closely misses you.
You hit the rat but do no damage. The bat hits you but does no damage.
The bat completely misses you. The rat closely misses you.
Casting: Corona (safe; 4% risk of failure)
Confirm with . or Enter, or press ? or * to list all spells.
Aiming: Corona (safe; 4% risk of failure)
Press: ? - help, Shift-Dir - straight line, f - rat
Aim: a rat (chance to defeat MR: 67%)
The rat barely resists.
The bat hits you but does no damage. The rat misses you.
The hobgoblin hits you.
You hit the rat but do no damage. The bat hits you but does no damage.
The rat completely misses you. The hobgoblin completely misses you.
The leopard gecko hisses angrily.
You hit the rat.
The rat is heavily wounded.
The bat hits you but does no damage. The rat bites you. The hobgoblin hits you.
You die...

## .## .. ...## .#
#... .## # ##... ..#
. ###....# ..# #
.###
##..[#...###r.#.#
...###..#
#..#@..b.##
#...#.#.#
#.g.....$.[
#.......###
##...#.#####
#...##...[###l.###.#
#.#####l<.....## #
#.# #....#### #.##
####.# ##.## ###.#
#.l.####...#


You could see a leopard gecko, a hobgoblin, a bat and a rat.

Vanquished Creatures
  A goblin (D:1)
  2 frilled lizards (D:1)
  A kobold (D:1)
4 creatures vanquished.

Notes
Turn   | Place    | Note
-------+----------+-------------------------------------------
     0 | D:1      | zero the Spriggan Enchanter began the quest for the Orb.
     0 | D:1      | Reached XP level 1. HP: 9/9 MP: 5/5
    75 | D:1      | Slain by a hobgoblin

Vault maps used:
D:1:      dpeg_arrival_arbitrary_b, grunt_decor_one_mirror

Action                   || total
-------------------------++-------
Melee: Dagger            ||    16
 Cast: Corona            ||     2
 Stab: Sleeping          ||     2
Armor: Robe              ||     5
Dodge: Dodged            ||    25

Table legend:
 A = Spawn XP
 B = Non-spawn XP
 C = Spawn XP percentage of total XP
 D = Spawn monster count
 E = Non-spawn monster count
 F = Spawn count percentage of total count
 G = Total turns spent on level
                    A         B        C        D         E        F      G
               +---------+---------+-------+---------+---------+-------+---------
         Total |       0 |       5 |   0.0 |       0 |       4 |   0.0 |    75
               +---------+---------+-------+---------+---------+-------+---------
           D:1 |       0 |       5 |   0.0 |       0 |       4 |   0.0 |    75
               +---------+---------+-------+---------+---------+-------+---------
